AoeStats
← Tomate

Arena

509795220Analyzed
3v3 RM · 6d ago on Sep 28, 2026· 40m 38s· 6 players
Game mode
Random Map
Map size
Normal (6 player)
Population
200
Speed
Normal
Resources
Standard
Victory
Conquest
Starting age
Dark Age
Ending age
Imperial Age
RankedLock teamsTeams togetherTeam positionsShared explorationLock speedFull tech treeHidden civsTurbo modeCheats
Victory
Defeat
🇨🇱 Portuguese · Chile
944
+12
🇨🇱 Magyars · Chile
942
+12
🇨🇱 Chinese · Chile
773
+18
🇲🇽 Teutons · Mexico
852
-14
🇺🇸 Britons · United States
847
-14
🇲🇽 Lithuanians · Mexico
846
-14
JFAR
5:02 Loom
10:34 Feudal Age
16:47 Castle Age
16:12 Fletching
17:00 Crossbowman
19:47 Padded Archer Armor
21:35 Pikeman
22:16 Squires
22:01 Arson
26:06 Bodkin Arrow
37:54 Leather Archer Armor
39:10 Double-Bit Axe
Figueroa
7:10 Loom
7:14 Loom
11:58 Feudal Age
18:05 Castle Age
17:11 Forging
17:02 Scale Mail Armor
20:26 Iron Casting
20:07 Chain Mail Armor
20:20 Pikeman
22:10 Bloodlines
23:27 Wheelbarrow
23:01 Town Watch
30:40 Scale Barding Armor
31:38 Elite Skirmisher
Maikol29
11:17 Feudal Age
12:36 Wheelbarrow
11:54 Double-Bit Axe
18:06 Castle Age
19:11 Hand Cart
19:36 Hand Cart
19:43 Bloodlines
19:54 Bow Saw
21:54 Pikeman
22:55 Horse Collar
24:24 Heavy Plow
27:05 Forging
33:10 Imperial Age
34:15 Cavalier
36:09 Iron Casting
35:39 Scale Barding Armor
36:26 Ironclad
36:48 Paladin
nnickk0
10:13 Feudal Age
14:12 Castle Age
13:01 Double-Bit Axe
12:58 Horse Collar
14:01 Loom
19:02 Bow Saw
18:54 Heavy Plow
22:30 Crossbowman
25:26 Thumb Ring
28:40 Man-at-Arms
31:07 Wheelbarrow
30:57 Long Swordsman
31:24 Gambesons
32:33 Arson
38:47 Imperial Age
36:20 Fletching
36:30 Padded Archer Armor
41:24 Chemistry
Tomate
11:59 Feudal Age
15:37 Castle Age
14:27 Double-Bit Axe
14:23 Horse Collar
15:37 Scale Barding Armor
18:33 Wheelbarrow
18:08 Heavy Plow
18:59 Bloodlines
19:34 Husbandry
21:35 Hand Cart
21:07 Loom
21:04 Light Cavalry
22:39 Bow Saw
25:13 Chain Barding Armor
25:36 Town Watch
29:58 Gold Mining
31:38 Stone Mining
32:25 Gold Shaft Mining
35:59 Imperial Age
34:52 Fletching
35:03 Padded Archer Armor
35:17 Caravan
37:27 Cavalier
39:25 Conscription
39:02 Pikeman
40:48 Bodkin Arrow
41:14 Corvinian Army
zdary
0:33 Loom
12:11 Feudal Age
14:30 Wheelbarrow
13:40 Town Watch
13:37 Horse Collar
13:45 Double-Bit Axe
13:53 Gold Mining
13:55 Stone Mining
18:49 Castle Age
19:51 Hand Cart
19:37 Town Patrol
24:20 Bow Saw
24:33 Heavy Plow
25:22 Caravan
26:19 Gold Shaft Mining
27:13 Stone Shaft Mining
29:04 Fletching
29:15 Padded Archer Armor
32:11 Leather Archer Armor
31:52 Bodkin Arrow
32:28 Ballistics
33:16 Masonry
33:16 Fortified Wall
34:00 Thumb Ring
37:25 Imperial Age
35:30 Fervor
36:48 Great Wall
38:29 Conscription
37:43 Elite Chu Ko Nu
39:31 Ring Archer Armor
39:01 Bracer
40:04 Chemistry
39:35 Architecture
39:49 Heavy Rocket Cart
Connection lost

Rejoining the realm…

Still unreachable

The connection could not be restored.

Session expired

The server has moved on; the page needs a fresh start.